 Dungeon Crawl Stone Soup version 0.14.1 (webtiles) character file.

1687 Leibowitz the Nimble (level 8, -2/65 HPs)
             Began as a Merfolk Berserker on Apr 29, 2014.
             Was an Elder of Trog.
             Slain by an orc warrior
             ... wielding a +0,+0 dire flail
              (11 damage)
             ... on Level 6 of the Dungeon.
             The game lasted 00:24:14 (6535 turns).

Leibowitz the Nimble (Merfolk Berserker)            Turns: 6535, Time: 00:24:14

HP  -2/65        AC  4     Str 17      XL: 8   Next: 87%
MP   8/8         EV 18     Int  7      God: Trog [****..]
Gold 142         SH  0     Dex 14 (15) Spells:  0 memorised,  7 levels left

rFire  . . .     SeeInvis .     a - +0 spear
rCold  . . .     Clarity  .     b - +0 animal skin
rNeg   . . .     Conserve .     (no shield)
rPois  +         rCorr    .     (no helmet)
rElec  .         rRot     .     (no cloak)
SustAb . .       Spirit   .     y - +1 pair of gloves
rMut   .         Warding  .     (no boots)
Saprov . . .     Stasis   .     (no amulet)
MR     .....                    D - cursed ring of hunger
                                i - ring of poison resistance

@: exhausted, slowed, very slow, not resistant to hostile enchantments,
unstealthy
A: change form in water, swift swim
a: Burn Spellbooks, Berserk, Trog's Hand, Brothers in Arms, Renounce Religion


You were on level 6 of the Dungeon.
You worshipped Trog.
Trog was greatly pleased with you.
You were near starving.

You visited 2 branches of the dungeon, and saw 7 of its levels.

You collected 184 gold pieces.
You spent 42 gold pieces at shops.

Inventory:

Hand weapons
 a - a +0,+0 spear (weapon)
Missiles
 w - 8 poisoned needles
Armour
 b - a +0 animal skin (worn)
 y - a +1 pair of gloves (worn)
Magical devices
 C - a wand of slowing (8) {unknown}
Comestibles
 k - a bread ration
 o - a meat ration
Scrolls
 c - 4 scrolls of enchant weapon II {unknown}
 e - 3 scrolls of identify {unknown}
 g - a scroll of noise {unknown}
 h - a scroll of blinking {unknown}
 j - a scroll of fear {unknown}
 m - 2 scrolls of remove curse {unknown}
 n - a scroll of immolation {unknown}
 q - a scroll of enchant armour {unknown}
 r - 2 scrolls of fog {unknown}
 v - 2 scrolls of teleportation {unknown}
 x - a scroll of enchant weapon I {unknown}
 A - a scroll of amnesia {unknown}
Jewellery
 i - a ring of poison resistance (left hand)
 D - a cursed ring of hunger (right hand)
Potions
 d - 2 potions of curing
 f - 2 potions of brilliance
 l - a potion of mutation {unknown}
 p - a potion of poison
 s - a potion of invisibility {unknown}
 t - a potion of restore abilities {unknown}
 u - a potion of heal wounds
 z - a potion of flight {unknown}
 B - a potion of paralysis {unknown}


   Skills:
 * Level 6.3 Fighting
 + Level 8.2 Polearms
 + Level 1.5 Armour
 * Level 10.9 Dodging


You had 7 spell levels left.
You didn't know any spells.

Dungeon Overview and Level Annotations

Branches:
Dungeon (6/15)             Temple (1/1) D:4

Altars:
Ashenzari
Cheibriados
Fedhas
Kikubaaqudgha
Okawaru
Sif Muna
Trog
Vehumet
Xom
Zin

Shops:
D:6 [!


Message History

* * * LOW HITPOINT WARNING * * *
You closely miss the orc warrior.
The orc warrior is severely wounded.
You barely miss the orc warrior.
The orc warrior is severely wounded.
The orc warrior hits you with a dire flail!
* * * LOW HITPOINT WARNING * * *
You barely miss the orc warrior.
The orc warrior is severely wounded.
You are no longer berserk.
You are exhausted.
You feel yourself slow down.
You are near starving!
You hit the orc warrior but do no damage.
The orc warrior is severely wounded.
The orc warrior misses you.
You hit the orc warrior but do no damage.
The orc warrior is severely wounded.
The orc warrior hits you with a dire flail!
You die...

#......#.#.#.................
#......+.#.###..........8....
#......#....................#
###....#.#.....#....##+#+####
#....#.#.....#.#.###.#
#..<.#.#o###.#.......#
#....#.#.# #.[..###
#....#.#(#####..# #..
#.#oo@.....# #.#######.## .
#.. #..# #<$# .o.# ##.# o# #


You could see an orc warrior and an orc.

Vanquished Creatures
  Grinder (D:5)
  Prince Ribbit (D:5)
  2 sky beasts
  A phantom (D:5)
  A centaur (D:6)
  4 crimson imps (D:5)
  A quasit (D:6)
  3 orc priests
  Crazy Yiuf (D:5)
  2 hounds (D:4)
  A two-headed ogre skeleton (D:5)
  An iguana (D:4)
  A worker ant (D:6)
  An orc wizard (D:5)
  Ijyb (D:3)
  Terence (D:3)
  A hound skeleton (D:5)
  A hound zombie (D:6)
  4 gnolls (D:5)
  A scorpion zombie (D:5)
  3 giant mites
  3 adders
  An inept feature mimic (D:6)
  A shadow imp (D:5)
  2 worms (D:3)
  4 giant geckos
  2 oozes (D:2)
  11 orcs
  12 bats
  A giant cockroach (D:2)
  11 hobgoblins
  6 kobolds
  2 quokkas
  A giant newt (D:2)
  12 goblins
  8 jackals
  18 rats
  A rat skeleton (D:6)
  A fungus (D:5)
130 creatures vanquished.

Vanquished Creatures (collateral kills)
  3 wights (D:6)
  An orc (D:6)
4 creatures vanquished.

Vanquished Creatures (others)
  An ogre (D:6)
  A bat (D:4)
2 creatures vanquished.

Grand Total: 136 creatures vanquished

Notes
Turn   | Place    | Note
--------------------------------------------------------------
     0 | D:1      | Leibowitz, the Merfolk Berserker, began the quest for the Orb.
     0 | D:1      | Reached XP level 1. HP: 18/18 MP: 1/1
    90 | D:1      | Reached XP level 2. HP: 21/24 MP: 2/2
   323 | D:1      | Acquired Trog's second power
   606 | D:2      | Reached XP level 3. HP: 22/30 MP: 3/3
   784 | D:2      | Found a shattered altar of Ashenzari.
  1061 | D:2      | Reached skill level 5 in Polearms
  1540 | D:2      | Reached XP level 4. HP: 37/37 MP: 4/4
  2026 | D:3      | Found an ancient bone altar of Kikubaaqudgha.
  2250 | D:3      | Noticed Ijyb
  2255 | D:3      | Noticed Terence
  2288 | D:3      | Killed Ijyb
  2292 | D:3      | Reached skill level 5 in Dodging
  2292 | D:3      | Reached XP level 5. HP: 30/42 MP: 5/5
  2298 | D:3      | Killed Terence
  3417 | D:4      | Reached skill level 6 in Dodging
  3417 | D:4      | Reached XP level 6. HP: 12/49 MP: 6/6
  3795 | D:4      | Found a staircase to the Ecumenical Temple.
  3804 | Temple   | Entered the Ecumenical Temple
  4125 | D:5      | Entered Level 5 of the Dungeon
  4214 | D:5      | Acquired Trog's third power
  4256 | D:5      | Reached skill level 5 in Fighting
  4256 | D:5      | Reached skill level 7 in Dodging
  4420 | D:5      | Reached XP level 7. HP: 21/56 MP: 7/7
  4756 | D:5      | Noticed Prince Ribbit
  4775 | D:5      | Killed Prince Ribbit
  4775 | D:5      | Reached skill level 8 in Dodging
  5087 | D:5      | Reached skill level 9 in Dodging
  5087 | D:5      | Reached XP level 8. HP: 40/63 MP: 8/8
  5311 | D:5      | Noticed Grinder
  5336 | D:5      | Killed Grinder
  5680 | D:5      | Noticed Crazy Yiuf
  5687 | D:5      | Killed Crazy Yiuf
  5687 | D:5      | Reached skill level 10 in Dodging
  5822 | D:6      | Found Neitz's Gadget Emporium.
  5829 | D:6      | Neitz's Gadget Emporium was a mimic.
  5860 | D:6      | Found Rookyex's Distillery.
  5864 | D:6      | Bought a potion of heal wounds for 42 gold pieces
  6417 | D:6      | Found Gipaotel's Antique Armour Shop.
  6535 | D:6      | Slain by an orc warrior

Action                   |  1- 3 |  4- 6 |  7- 9 || total
-------------------------+-------+-------+-------++-------
Melee: Spear             |   133 |   357 |   442 ||   932
Invok: Berserk           |       |     1 |     5 ||     6
       Trog's Hand       |       |     1 |       ||     1
       Brothers in Arms  |       |       |     2 ||     2
  Use: Potion            |       |     4 |     6 ||    10
 Stab: Sleeping          |     2 |     2 |     2 ||     6
